AoeStats
← ecerva.27

Arena

507907537Analyzed
1v1 RM · 12d ago on Sep 20, 2026· 60m 52s· 2 players
Game mode
Random Map
Map size
Tiny (2 player)
Population
200
Speed
Normal
Resources
Standard
Victory
Conquest
Starting age
Dark Age
Ending age
Imperial Age
RankedLock teamsTeams togetherTeam positionsShared explorationLock speedFull tech treeHidden civsTurbo modeCheats
Victory
Defeat
1177
+16
🇲🇽 Spanish · Mexico
1167
-16
ecerva.27
10:06 Feudal Age
14:05 Castle Age
13:09 Double-Bit Axe
13:51 Loom
23:18 Horse Collar
25:40 Heavy Plow
26:40 Wheelbarrow
27:01 Bow Saw
28:19 Padded Archer Armor
31:52 Imperial Age
30:00 Leather Archer Armor
31:54 Scale Barding Armor
32:00 Forging
32:03 Gold Mining
32:03 Stone Mining
32:39 Cavalier
33:20 Husbandry
33:30 Bloodlines
34:00 Hand Cart
34:53 Chemistry
35:24 Ballistics
37:35 Chain Barding Armor
37:51 Iron Casting
40:13 Plate Barding Armor
41:30 Blast Furnace
46:42 Light Cavalry
49:20 Stone Shaft Mining
57:58 Ring Archer Armor
我愛吃櫻桃芋泥蛋糕
10:40 Feudal Age
8:55 Loom
15:35 Castle Age
14:10 Double-Bit Axe
15:06 Horse Collar
23:20 Town Watch
24:03 Fletching
25:03 Bow Saw
26:25 Heavy Plow
28:08 Wheelbarrow
28:02 Bodkin Arrow
32:10 Imperial Age
29:56 Padded Archer Armor
30:08 Stone Mining
30:08 Gold Mining
30:58 Ballistics
31:48 Leather Archer Armor
32:39 Hand Cart
33:26 Bracer
35:27 Ring Archer Armor
35:53 Bloodlines
35:44 Husbandry
36:45 Conscription
37:54 Chemistry
37:56 Heavy Cavalry Archer
38:48 Forging
39:46 Elite Keshik
40:04 Pikeman
40:44 Squires
42:26 Halberdier
42:52 Arson
45:03 Scale Mail Armor
45:39 Iron Casting
48:24 Blast Furnace
52:49 Capped Ram
54:45 Scale Barding Armor
54:30 Treadmill Crane
55:00 Fortified Wall
54:38 Siege Ram
56:19 Chain Barding Armor
56:02 Elite Skirmisher
56:26 Onager
Connection lost

Rejoining the realm…

Still unreachable

The connection could not be restored.

Session expired

The server has moved on; the page needs a fresh start.